 Dungeon Crawl Stone Soup version 0.27-a0-1597-ge58577e147 (webtiles) character file.

Game seed: 2000226720390924635

7 Blejac999 the Scratcher (level 1, 0/9 HPs)
             Began as a Felid Transmuter on July 21, 2021.
             Slain by a quokka (5 damage)
             ... on level 1 of the Dungeon.
             The game lasted 00:00:39 (442 turns).

Blejac999 the Scratcher (Felid Transmuter)           Turns: 442, Time: 00:00:40

Health: 0/9        AC:  1    Str:  6    XL:     1   Next: 83%
Magic:  4/4        EV: 17    Int: 14    God:
Gold:   5          SH:  0    Dex: 16    Spells: 3/4 levels left
                                        Lives:  0   Deaths: 0

rFire    . . .     SeeInvis +     - Unarmed
rCold    . . .     Faith    .   (shield unavailable)
rNeg     . . .     Spirit   .   (armour unavailable)
rPois    .         Reflect  .   (helmet unavailable)
rElec    .         Harm     .   (cloak unavailable)
rCorr    .         Rampage  .   (gloves unavailable)
Will     .....                  (boots unavailable)
Stlth    ++........             (no amulet)
HPRegen  0.03/turn              (no ring)
MPRegen  0.09/turn              (no ring)

@: quick
A: very small, claws 1, fangs 3, see invisible, speed 1, shaggy fur 1, stealthy
paws, no weapons or thrown items, no armour, multi-lived
a: no special abilities


You were on level 1 of the Dungeon.
You visited 1 branch of the dungeon, and saw 1 of its levels.

You collected 5 gold pieces.

Inventory:

Scrolls
 a - a scroll of teleportation {unknown}


   Skills:
 + Level 1.0 Fighting
 + Level 2.9 Dodging
 * Level 1.1 Stealth
 + Level 3.1 Unarmed Combat
 + Level 2.1 Spellcasting
 + Level 2.2 Transmutations


You had 3 spell levels left.
You knew the following spells:

 Your Spells              Type           Power      Damage    Failure   Level
a - Beastly Appendage     Tmut           14%        N/A       10%         1

Your spell library contained the following spells:

 Spells                   Type           Power      Damage    Failure   Level
 Wereblood                Tmut           7%         N/A       14%         2
 Spider Form              Tmut/Pois      2%         N/A       41%         3
 Dazzling Flash           Conj/Hex       2%         N/A       56%         3
 Ice Form                 Ice/Tmut       4%         N/A       83%         4
 Agony                    Necr           1%         N/A       100%        5
 Silence                  Hex/Air        0%         N/A       100%        5


Dungeon Overview and Level Annotations

Branches:
Dungeon (1/15)

Altars:


Innate Abilities, Weirdness & Mutations

You have sharp claws.
You have razor-sharp teeth.
You have supernaturally acute eyesight. (SInv)
You cover ground quickly. (Speed+)
You are covered in fur. (AC +1)
Your paws help you pounce on unaware monsters.
You are incapable of wielding weapons or throwing items.
You cannot wear armour.
You gain extra lives every three experience levels.


Message History

You scratch the jackal.
You kill the jackal!
You scratch the jackal.
The jackal is lightly wounded.
The jackal misses you. The jackal bites you.
You barely miss the jackal.
The jackal is lightly wounded.
The jackal bites you but does no damage.
You scratch the jackal but do no damage.
The jackal is lightly wounded.
The jackal misses you.
You scratch the jackal. You bite the jackal.
You kill the jackal!
The quokka misses you.
Your Stealth skill increases to level 1!
You barely miss the quokka. The quokka misses you.
You scratch the quokka.
The quokka is moderately wounded.
The quokka misses you.
You closely miss the quokka.
The quokka is moderately wounded.
The quokka bites you.
You closely miss the quokka.
The quokka is moderately wounded.
The quokka barely misses you.
You closely miss the quokka.
The quokka is moderately wounded.
The quokka barely misses you.
You scratch the quokka but do no damage.
Your bite misses the quokka.
The quokka is moderately wounded.
The quokka bites you but does no damage.
You scratch the quokka but do no damage.
The quokka is moderately wounded.
The quokka completely misses you.
You scratch the quokka but do no damage.
The quokka is moderately wounded.
The quokka closely misses you. The quokka bites you.
Ouch! That really hurt!
You die...

###..# ##...#### #.⌠...⌠.#
##.......+ #.......#
......#### +...⌠...+
####..# ....... #...#
⌠...⌠ #.### .K. #.# ###
###r# ###.####.## #.#@#
........#.## #...# .
###.##..##.###.#######...#
#...................#
######..##.#.....####.#
........#.###...##
########.## ##.## ### ###


You could see a quokka and a kobold.

Vanquished Creatures
  A hobgoblin (D:1)
  3 jackals (D:1)
  A frilled lizard (D:1)
  A rat (D:1)
6 creatures vanquished.

Notes
Turn   | Place    | Note
-------+----------+-------------------------------------------
     0 | D:1      | Blejac999 the Felid Transmuter began the quest for the Orb.
     0 | D:1      | Reached XP level 1. HP: 9/9 MP: 4/4
   435 | D:1      | Reached skill level 1 in Stealth
   442 | D:1      | Slain by a quokka

Illustrated notes

Levels and vault maps discovered:
D:1:      sevenhm_arrival_forest_fort_small_5, layout_loops_corners,
          chequers_ecumenical_altar_island, hangedman_decor_slide_cut,
          minmay_fountain_box, corexii_corridor_pit

Skill      XL: |  1 |
---------------+----+-----
Stealth        | 1 |  1.1
Fighting       | |  1.0
Dodging        | |  2.9
Unarmed Combat | |  3.1
Spellcasting   | |  2.1
Transmutations | |  2.2

Action                   || total
-------------------------++-------
Melee: Unarmed           ||    24
       Bite              ||     2
  Use: Potion            ||     1
Armor: Skin              ||     2
Dodge: Dodged            ||    15

Table legend: (Time is in decaauts)
 A = Elapsed time spent in this place.
 B = Non-inter-level travel time spent in this place.
 C = Inter-level travel time spent in this place.
 D = Time resting spent in this place.
 E = Time spent auto-exploring this place.
 F = Levels seen in this place.
 G = Mean time per level.
                   A        B        C        D        E       F      G
               +--------+--------+--------+--------+--------+-----+--------+
         Total |    416 |    416 |      0 |    273 |     91 |   1 |  416.0 |
       Dungeon |    416 |    416 |      0 |    273 |     91 |   1 |  416.0 |
               +--------+--------+--------+--------+--------+-----+--------+

Top non-repeatable levels by time:
     D:1: 416 daAuts
